 Dungeon Crawl Stone Soup version 0.27.1-33-g824d729ab1 (webtiles) character file.

Game seed: 5848897451239898719

270 AZnak the Grasshopper (level 6, -5/50 HPs)
             Began as a Gnoll Warper on Dec 6, 2021.
             Slain by a water moccasin (7 damage)
             ... on level 5 of the Dungeon.
             The game lasted 00:13:12 (2976 turns).

AZnak the Grasshopper (Gnoll Warper)                Turns: 2976, Time: 00:13:13

Health: -5/50      AC:  6    Str: 12    XL:     6   Next: 22%
Magic:  2/14       EV: 11    Int: 12    God:
Gold:   111        SH:  0    Dex: 18    Spells: 10/15 levels left

rFire    . . .     SeeInvis .   g - +0 hand axe (vorpal)
rCold    . . .     Faith    .   (no shield)
rNeg     . . .     Spirit   .   h - +0 scale mail
rPois    .         Reflect  .   (no helmet)
rElec    .         Harm     .   (no cloak)
rCorr    .         Rampage  .   (no gloves)
Will     .....                  (no boots)
Stlth    +.........             (no amulet)
HPRegen  0.16/turn              k - +6 ring of dexterity
MPRegen  0.14/turn              (no ring)

@: no status effects
A: fangs 1, strong nose, distributed training
a: no special abilities


You were on level 5 of the Dungeon.
You visited 1 branch of the dungeon, and saw 5 of its levels.

You collected 111 gold pieces.

Inventory:

Hand Weapons
 a - a +0 spear
 g - a +0 vorpal hand axe (weapon)
Missiles
 d - 5 boomerangs of dispersal
 e - 91 stones (quivered)
Armour
 b - a +0 leather armour
 h - a +0 scale mail (worn)
Jewellery
 k - a +6 ring of dexterity (left hand)
Scrolls
 c - a scroll of blinking
 f - 4 scrolls of identify {unknown}
 i - 4 scrolls of noise {unknown}
 l - a scroll of fog {unknown}
 n - a scroll of immolation {unknown}
 r - 4 scrolls of teleportation {unknown}
 s - a scroll of vulnerability {unknown}
 t - a scroll of fear {unknown}
 v - a scroll of acquirement {unknown}
Potions
 j - a potion of degeneration {unknown}
 m - a potion of cancellation {unknown}
 o - 2 potions of haste {unknown}
 p - a potion of heal wounds {unknown}
 q - a potion of curing {unknown}
 u - a potion of might {unknown}


   Skills:
 + Level 4.9 Fighting
 + Level 1.8 Short Blades
 + Level 1.8 Long Blades
 + Level 1.8 Axes
 + Level 1.8 Maces & Flails
 + Level 4.9 Polearms
 + Level 1.8 Staves
 + Level 1.8 Slings
 + Level 1.8 Bows
 + Level 1.8 Crossbows
 + Level 3.2 Throwing
 + Level 3.2 Armour
 + Level 4.9 Dodging
 + Level 1.8 Stealth
 + Level 1.8 Shields
 + Level 1.8 Unarmed Combat
 + Level 5.3 Spellcasting
 + Level 1.4 Conjurations
 + Level 1.4 Hexes
 + Level 1.4 Summonings
 + Level 1.4 Necromancy
 + Level 5.6 Translocations
 + Level 1.4 Transmutations
 + Level 1.4 Fire Magic
 + Level 1.4 Ice Magic
 + Level 1.4 Air Magic
 + Level 1.4 Earth Magic
 + Level 1.4 Poison Magic
 + Level 2.0 Invocations
 + Level 1.8 Evocations


You had 10 spell levels left.
You knew the following spells:

 Your Spells              Type           Power      Damage    Failure   Level
a - Blink                 Tloc           N/A        N/A       14%         2
b - Teleport Other        Tloc           16%        N/A       28%         3

Your spell library contained the following spells:

 Spells                   Type           Power      Damage    Failure   Level
 Gell's Gravitas          Tloc           8%         N/A       28%         3
 Lesser Beckoning         Tloc           8%         N/A       28%         3
 Portal Projectile        Hex/Tloc       22%        N/A       54%         3
 Corpse Rot               Necr/Air       N/A        N/A       61%         2
 Poisonous Vapours        Pois/Air       12%        N/A       61%         2
 Call Canine Familiar     Summ           6%         N/A       83%         3
 Ignite Poison            Fire/Tmut/Pois 6%         N/A       83%         3
 Mephitic Cloud           Conj/Pois/Air  6%         N/A       83%         3
 Manifold Assault         Tloc           16%        N/A       95%         5
 Leda's Liquefaction      Hex/Erth       3%         N/A       99%         4
 Bolt of Magma            Conj/Fire/Erth 3%         4d5       100%        5
 Fireball                 Conj/Fire      3%         3d4       100%        5
 Freezing Cloud           Conj/Ice/Air   3%         6-21      100%        5
 Iskenderun's Battlesphe  Conj           6%         2d6       100%        5
 Conjure Ball Lightning   Conj/Air       3%         3x3d6     100%        6
 Orb of Destruction       Conj           3%         9d1       100%        7


Dungeon Overview and Level Annotations

Branches:
Dungeon (5/15)
 Temple: D:4-7

Altars:

Annotations:
D:4 Menkaure, Natasha, Robin


Innate Abilities, Weirdness & Mutations

You have very sharp teeth.
Your uncanny sense of smell can sniff out nearby items.
Your experience applies equally to all skills.


Message History

Aim: a hound (lightly wounded, 54% to hit)
You throw a stone.
The stone hits the hound but does no damage.
The hound is lightly wounded.
Throw: 93 stones
Press: ? - help, Q - select action, (/) - cycle Shift-Dir - straight line, f/p - hound
Aim: a hound (lightly wounded, 54% to hit)
You throw a stone. The stone hits the hound.
The hound is lightly wounded.
Throw: 92 stones
Press: ? - help, Q - select action, (/) - cycle Shift-Dir - straight line, f/p - hound
Aim: a hound (lightly wounded, 54% to hit)
You throw a stone. The stone barely misses the hound.
A water moccasin comes into view.
The hound bites you but does no damage.
You hit the hound.
The hound is heavily wounded.
The hound bites you.
* * * LOW HITPOINT WARNING * * *
The hound barely misses you.
You hit the hound but do no damage. You bite the hound, but do no damage.
The hound is heavily wounded.
The hound closely misses you.
You closely miss the hound.
The hound is heavily wounded.
The hound bites you.
* * * LOW HITPOINT WARNING * * *
The hound barely misses you.
Casting: Blink (safe; 14% risk of failure)
Confirm with . or Enter, or press ? or * to list all spells.
You blink.
The hound bites you but does no damage.
Casting: Blink (safe; 14% risk of failure)
Confirm with . or Enter, or press ? or * to list all spells.
You blink.
Your magical contamination has completely faded away.
Casting: Blink (safe; 14% risk of failure)
Confirm with . or Enter, or press ? or * to list all spells.
You blink.
The hound completely misses you. The water moccasin bites you!
You die...

###########
#.........#
#.........#
#.........#
#.....h...#
#(...@S<..#
#.((:(.....#
#........ยง.#
.......#+####
#..#.<.
......# #
#... #...


You could see a water moccasin and a hound.

Vanquished Creatures
  Purgy (D:3)
  Jessica (D:3)
  An orc wizard (D:2)
  A hound skeleton (D:4)
  3 adders
  An adder skeleton (D:4)
  2 worms (D:3)
  A dart slug (D:3)
  4 orcs
  6 ball pythons
  4 bats
  4 endoplasms
  A giant cockroach (D:4)
  12 goblins
  6 hobgoblins
  4 jackals (D:3)
  2 quokkas
  4 frilled lizards
  8 kobolds
  3 rats
69 creatures vanquished.

Notes
Turn   | Place    | Note
-------+----------+-------------------------------------------
     0 | D:1      | AZnak the Gnoll Warper began the quest for the Orb.
     0 | D:1      | Reached XP level 1. HP: 20/20 MP: 6/6
   145 | D:1      | Reached XP level 2. HP: 26/26 MP: 7/7
   323 | D:1      | Learned a level 2 spell: Blink
   610 | D:1      | Reached XP level 3. HP: 29/31 MP: 9/9
   690 | D:1      | Reached skill level 5 in Spellcasting
   810 | D:2      | Learned a level 3 spell: Teleport Other
   868 | D:2      | Reached skill level 1 in Invocations
  1425 | D:3      | Noticed Jessica
  1449 | D:2      | Reached skill level 1 in Short Blades
  1449 | D:2      | Reached skill level 1 in Long Blades
  1449 | D:2      | Reached skill level 1 in Axes
  1449 | D:2      | Reached skill level 1 in Maces & Flails
  1449 | D:2      | Reached skill level 1 in Staves
  1449 | D:2      | Reached skill level 1 in Slings
  1449 | D:2      | Reached skill level 1 in Bows
  1449 | D:2      | Reached skill level 1 in Crossbows
  1449 | D:2      | Reached skill level 1 in Stealth
  1449 | D:2      | Reached skill level 1 in Shields
  1449 | D:2      | Reached skill level 1 in Unarmed Combat
  1449 | D:2      | Reached skill level 1 in Evocations
  1508 | D:3      | Killed Jessica
  1509 | D:3      | Reached XP level 4. HP: 32/38 MP: 11/11
  1512 | D:3      | Noticed Purgy
  1529 | D:3      | Killed Purgy
  1530 | D:3      | Reached skill level 1 in Conjurations
  1530 | D:3      | Reached skill level 1 in Hexes
  1530 | D:3      | Reached skill level 1 in Summonings
  1530 | D:3      | Reached skill level 1 in Necromancy
  1530 | D:3      | Reached skill level 1 in Transmutations
  1530 | D:3      | Reached skill level 1 in Fire Magic
  1530 | D:3      | Reached skill level 1 in Ice Magic
  1530 | D:3      | Reached skill level 1 in Air Magic
  1530 | D:3      | Reached skill level 1 in Earth Magic
  1530 | D:3      | Reached skill level 1 in Poison Magic
  1530 | D:3      | Reached XP level 5. HP: 19/43 MP: 12/12
  1792 | D:2      | HP: 1/43 [something/puff of flame (5)]
  2396 | D:3      | Found a faded altar of an unknown god.
  2413 | D:3      | Reached XP level 6. HP: 35/50 MP: 13/13
  2870 | D:4      | Noticed Menkaure
  2934 | D:4      | Noticed Robin
  2937 | D:4      | Noticed Natasha
  2965 | D:5      | Entered Level 5 of the Dungeon
  2969 | D:5      | Noticed a water moccasin
  2972 | D:5      | HP: 1/50 [hound (2)]
  2976 | D:5      | Slain by a water moccasin

Illustrated notes

Levels and vault maps discovered:
D:1:      dpeg_arrival_houses_and_road, layout_loops_ring, hex_tiny
D:2:      layout_basic
D:3:      layout_rooms, ebering_ecumenical_altar_rust, uniq_jessica, uniq_purgy
D:4:      layout_loops_ring, mainiacjoe_overflow_brackets, st_stairs_1,
          uniq_ijyb, uniq_menkaure, uniq_robin, uniq_natasha
D:5:      layout_basic

Skill      XL: |  1  2  3  4  5  6 |
---------------+-------------------+-----
Spellcasting   | 5 |  5.3
Invocations    | 1 2 |  2.0
Short Blades   | 1 |  1.8
Long Blades    | 1 |  1.8
Axes           | 1 |  1.8
Maces & Flails | 1 |  1.8
Staves         | 1 |  1.8
Slings         | 1 |  1.8
Bows           | 1 |  1.8
Crossbows      | 1 |  1.8
Stealth        | 1 |  1.8
Shields        | 1 |  1.8
Unarmed Combat | 1 |  1.8
Evocations     | 1 |  1.8
Throwing       | 3 |  3.2
Armour         | 3 |  3.2
Conjurations   | 1 |  1.4
Hexes          | 1 |  1.4
Summonings     | 1 |  1.4
Necromancy     | 1 |  1.4
Transmutations | 1 |  1.4
Fire Magic     | 1 |  1.4
Ice Magic      | 1 |  1.4
Air Magic      | 1 |  1.4
Earth Magic    | 1 |  1.4
Poison Magic   | 1 |  1.4
Fighting       | |  4.9
Polearms       | |  4.9
Dodging        | |  4.9
Translocations | |  5.6

Action                   |  1- 3 |  4- 6 || total
-------------------------+-------+-------++-------
Melee: Spear             |    24 |       ||    24
       Bite              |    10 |    20 ||    30
       Hand axe          |    70 |   138 ||   208
       Punch             |       |     2 ||     2
Throw: Stone             |    36 |    16 ||    52
 Cast: Blink             |       |     8 ||     8
Armor: Leather armour    |     3 |       ||     3
       Scale mail        |    46 |    88 ||   134
Dodge: Dodged            |    52 |    95 ||   147
